 Dungeon Crawl Stone Soup version 0.24.0-13-gcf9b319 (webtiles) character file.

Game seed: 745573098574358772, levelgen mode: deterministic

808 warborn304 the Cudgeler (level 8, -2/61 HPs)
             Began as a Human Chaos Knight on Dec 18, 2019.
             Was a Plaything of Xom.
             Incinerated by a smoke demon (3 damage)
             ... with a sticky flame
             ... on level 5 of the Dungeon.
             The game lasted 00:08:29 (3350 turns).

warborn304 the Cudgeler (Human Chaos Knight)        Turns: 3350, Time: 00:08:29

Health: -2/61      AC: 11    Str: 16    XL:     8   Next: 15%
Magic:  8/8        EV: 13    Int: 13    God:    Xom [*.....]
Gold:   265        SH:  0    Dex: 15    Spells: 7/7 levels left

rFire    + . .     SeeInvis .   a - +1 mace (chaos)
rCold    + . .     Gourm    .   (no shield)
rNeg     . . .     Faith    .   b - +3 leather armour
rPois    .         Spirit   .   (no helmet)
rElec    .         Reflect  .   (no cloak)
rCorr    .         Harm     +   d - +0 pair of gloves
MR       .....     Rnd*Tele +   (no boots)
Stlth    ++........             f - amulet of harm
HPRegen  0.20/turn              l - ring of protection from fire
MPRegen  0.11/turn              g - ring of teleportation (curse)

@: liquid flames, about to teleport, glowing
A: talons 1, molten scales 1, thin metallic scales 1, thin skeletal structure 1,
camouflage 1, blink, cold resistance 1, high mp 1, strong 1
a: Blink, Renounce Religion


You were on level 5 of the Dungeon.
You worshipped Xom.
You were a special plaything of Xom.
You were very hungry.

You visited 1 branch of the dungeon, and saw 5 of its levels.

You collected 265 gold pieces.

Inventory:

Hand Weapons
 a - a +1 mace of chaos (weapon)
Armour
 b - a +3 leather armour (worn)
 d - a +0 pair of gloves (worn)
Jewellery
 f - an amulet of harm (around neck)
 g - a cursed ring of teleportation (right hand)
 j - an uncursed ring of ice
 l - a ring of protection from fire (left hand)
 p - an uncursed ring of see invisible {unknown}
Scrolls
 e - 2 scrolls of amnesia
 i - 3 scrolls of identify
 k - a scroll of teleportation
Potions
 h - 2 potions of flight
 m - a potion of might {unknown}
 n - a potion of cancellation {unknown}
 o - a potion of brilliance {unknown}
Comestibles
 c - 9 rations


   Skills:
 + Level 4.3 Fighting
 + Level 5.8 Maces & Flails
 + Level 3.0 Armour
 + Level 3.4 Dodging
 + Level 4.5 Stealth


You had 7 spell levels left.
You didn't know any spells.
Your spell library contained the following spells:

 Spells                   Type           Power        Failure   Level  Hunger
 Magic Dart               Conj           #...         36%         1    ##.....
 Blink                    Tloc           N/A          50%         2    ###....
 Call Imp                 Summ           #.......     50%         2    ###....
 Slow                     Hex            #.......     50%         2    ###....
 Conjure Flame            Conj/Fire      #.......     73%         3    ####...
 Mephitic Cloud           Conj/Pois/Air  #.......     73%         3    ####...


Dungeon Overview and Level Annotations

Branches:
Dungeon (5/15)
 Temple: D:4-7

Altars:
Cheibriados
Nemelex Xobeh
Ru
Trog
Wu Jian
Xom
The Shining One

Shops:
D:4 (}


Innate Abilities, Weirdness & Mutations

You have sharp toenails.
You are partially covered in molten scales. (AC +2)
You are partially covered in thin metallic scales. (AC +2)
You have a somewhat thin skeletal structure. (Dex +2, Stealth)
Your skin changes colour to match your surroundings (Stealth+).
You can translocate small distances at will.
Your flesh is cold resistant. (rC+)
You have an increased reservoir of magic. (+10% MP)
Your muscles are strong. (Str +2)


Message History

The smoke demon hits you but does no damage. x2
The smoke demon hits you.
* * * LOW HITPOINT WARNING * * *
As you read the scroll of teleportation, it crumbles to dust.
You feel strangely unstable.
You are covered in liquid flames!
* * * LOW HITPOINT WARNING * * *
The smoke demon hits you.
* * * LOW HITPOINT WARNING * * *
The smoke demon hits you but does no damage. x2
You are covered in liquid flames!
* * * LOW HITPOINT WARNING * * *
The smoke demon gestures at you. The sticky flame hits you. You resist.
You are covered in liquid flames!
* * * LOW HITPOINT WARNING * * *
Found a mace.
You are covered in liquid flames!
You die... "It's all fun and games until someone loses an eye."

#.# #.#.#
#........#
###.###.#.#
#.....####
#.###.......#.#
#.....#
#...........#.#
#######
####.#5##.##.#
#.##.##.#
#5##.##.#
#)##5##.########
#...53..@.....).
################


You could see a smoke demon, a quasit and an ufetubus.

Vanquished Creatures
  A water moccasin (D:3)
  An ogre (D:5)
  A phantom (D:4)
  A crimson imp (D:5)
  2 hounds
  A bullfrog skeleton (D:5)
  An iguana (D:4)
  2 worker ants
  A hound skeleton (D:5)
  A howler monkey skeleton (D:4)
  A gnoll (D:2)
  14 adders
  2 worms (D:2)
  7 dart slugs
  2 leopard geckos
  5 orcs (D:5)
  16 bats
  6 giant cockroaches
  13 goblins
  8 hobgoblins
  10 jackals (D:3)
  2 quokkas
  2 ball pythons
  8 frilled lizards
  5 kobolds
  4 rats
117 creatures vanquished.

Vanquished Creatures (others)
  An ogre (D:5)
  A hobgoblin (D:1)
2 creatures vanquished.

Grand Total: 119 creatures vanquished

Notes
Turn   | Place    | Note
-------+----------+-------------------------------------------
     0 | D:1      | warborn304 the Human Chaos Knight began the quest for the
                  | Orb.
     0 | D:1      | Reached XP level 1. HP: 18/18 MP: 1/1
     8 | D:1      | XOM: divination: magic mapping
    57 | D:1      | Reached XP level 2. HP: 16/24 MP: 2/2
    98 | D:1      | XOM: cloud trail
   301 | D:1      | XOM: smoke on damage
   336 | D:1      | Reached XP level 3. HP: 17/29 MP: 3/3
   341 | D:1      | XOM: give mutation
   341 | D:1      | Gained mutation: You have a somewhat thin skeletal
                  | structure. (Dex +2, Stealth) [Xom's grace]
   568 | D:1      | XOM: scenery: create altars
   927 | D:2      | Reached XP level 4. HP: 12/35 MP: 4/4
   939 | D:2      | Reached skill level 4 in Maces & Flails
  1050 | D:2      | XOM: give mutations
  1050 | D:2      | Gained mutation: You have sharp toenails. [Xom's grace]
  1050 | D:2      | Gained mutation: Your flesh is cold resistant. (rC+) [Xom's
                  | grace]
  1050 | D:2      | Gained mutation: You are partially covered in thin metallic
                  | scales. (AC +2) [Xom's grace]
  1050 | D:2      | Gained mutation: Your skin changes colour to match your
                  | surroundings (Stealth+). [Xom's grace]
  1126 | D:2      | Reached XP level 5. HP: 10/42 MP: 5/5
  1242 | D:2      | XOM: god gift: potion of heal wounds
  1294 | D:2      | Reached skill level 1 in Stealth
  1403 | D:2      | XOM: harmless Air miscast
  1521 | D:2      | XOM: scenery: create altars
  1624 | D:2      | XOM: stat loss: -1 Dex (13/14)
  1652 | D:2      | XOM: 1-stop teleportation journey
  1789 | D:2      | Found a bloodstained altar of Trog.
  2051 | D:3      | Reached XP level 6. HP: 42/48 MP: 6/6
  2061 | D:3      | XOM: swap monsters
  2067 | D:3      | XOM: enchant monster (good)
  2077 | D:3      | XOM: harmless Tloc miscast
  2295 | D:3      | Noticed a water moccasin
  2304 | D:3      | Killed a water moccasin
  2476 | D:3      | XOM: fog
  2501 | D:4      | Found Woow's Gadget Boutique.
  2617 | D:4      | Reached XP level 7. HP: 53/53 MP: 7/7
  2627 | D:4      | Found Yqyef's Antique Weapon Emporium.
  2645 | D:4      | XOM: destruction
  2653 | D:4      | XOM: summons 7 friendly demons
  2669 | D:4      | Reached skill level 5 in Maces & Flails
  3018 | D:4      | Found an ornate altar of the Wu Jian Council.
  3019 | D:4      | Found a snail-covered altar of Cheibriados.
  3019 | D:4      | Found a sparkling altar of Nemelex Xobeh.
  3022 | D:4      | Found a sacrificial altar of Ru.
  3023 | D:4      | Found a glowing golden altar of the Shining One.
  3073 | D:4      | You fall into a shaft and drop 1 floor!
  3073 | D:5      | Entered Level 5 of the Dungeon
  3148 | D:5      | XOM: cast spell 'Death Channel'
  3158 | D:5      | XOM: enchant monster (good)
  3185 | D:5      | XOM: give mutations
  3185 | D:5      | Gained mutation: Your muscles are strong. (Str +2) [Xom's
                  | grace]
  3185 | D:5      | Gained mutation: You can translocate small distances at
                  | will. [Xom's grace]
  3185 | D:5      | Gained mutation: You are partially covered in molten
                  | scales. (AC +2) [Xom's grace]
  3185 | D:5      | Gained mutation: You have an increased reservoir of magic.
                  | (+10% MP) [Xom's grace]
  3334 | D:5      | XOM: summons 3 hostile demons
  3335 | D:5      | Noticed a smoke demon
  3336 | D:5      | Reached XP level 8. HP: 30/60 MP: 8/8
  3349 | D:5      | HP: 1/61 [smoke demon/sticky flame[Xom] (4)]
  3350 | D:5      | Incinerated by a smoke demon

Levels and vault maps discovered:
D:1:      nzn_arrival_crosshair, layout_loops_ring
D:2:      wad_river_or_something, layout_basic, lightli_temple_of_fire,
          chequers_serial_rivers_micro_e
D:3:      layout_rooms
D:4:      layout_layer_cave, minitemple, first_ration, serial_shops, shop, shop
D:5:      layout_loops_ring

Skill      XL: |  1  2  3  4  5  6  7 |
---------------+----------------------+-----
Maces & Flails | 4 5 |  5.8
Stealth        | 1 3 4 |  4.5
Dodging        | 2 3 |  3.4
Armour         | 3 |  3.0
Fighting       | 4 |  4.3

Action                   |  1- 3 |  4- 6 |  7- 9 || total
-------------------------+-------+-------+-------++-------
Melee: Mace              |    94 |   179 |    57 ||   330
       Kick              |       |    36 |     8 ||    44
  Use: Potion            |       |     7 |       ||     7
       Scroll            |       |     5 |     1 ||     6
 Stab: Sleeping          |     3 |    16 |     5 ||    24
       Confused          |       |     1 |       ||     1
       Petrified         |       |     1 |     1 ||     2
       Paralysed         |       |     1 |       ||     1
       Distracted        |       |       |     1 ||     1
  Eat: Chunk             |       |     5 |     2 ||     7
Armor: Leather armour    |    28 |   147 |    25 ||   200
Dodge: Dodged            |    38 |   254 |    26 ||   318
